 Dungeon Sprint DCSS version 0.30-a0-528-g8c47a4955b (webtiles) character file.

Game seed: 3239974779565014784

3 JoshKwa the Cudgeller (level 1, 0/20 HPs)
             Began as a Minotaur Berserker on Dec 23, 2022.
             Was a Believer of Trog.
             Slain by an ufetubus (3 damage)
             ... in the Dungeon (Sprint IX: "|||||||||||||||||||||||||||||").
             The game lasted 00:00:05 (21 turns).

JoshKwa the Cudgeller (Minotaur Berserker)            Turns: 21, Time: 00:00:06

Health: 0/20       AC:  2    Str: 21    XL:     1   Next: 41%
Magic:  0/0        EV: 12    Int:  4    God:    Trog [**....]
Gold:   0          SH:  0    Dex:  9    Spells: 0/0 levels left

rFire   . . .      SeeInvis .    a - +0 mace
rCold   . . .      Faith    .    (no shield)
rNeg    . . .      Spirit   .    b - +0 animal skin
rPois   .          Reflect  .    (helmet restricted)
rElec   .          Harm     .    (no cloak)
rCorr   .          Rampage  .    (no gloves)
Will    .....      NoTele   +    (no boots)
Stlth   +                        (no amulet)
HPRegen 0.23/turn                (no ring)
MPRegen 0.07/turn                (no ring)

@: no status effects
A: horns 2, retaliatory headbutt
a: Renounce Religion, Berserk, Trog's Hand


You were in the Dungeon.
You worshipped Trog.
Trog was pleased with you.
You visited 1 branch

Inventory:

Hand Weapons
 a - a +0 mace (weapon)
Armour
 b - a +0 animal skin (worn)
Scrolls
 h - a scroll of blinking
Potions
 c - a potion of curing
 d - a potion of heal wounds
 e - a potion of haste
 f - 2 potions of magic
 g - a potion of berserk rage


   Skills:
 + Level 4.2 Fighting
 + Level 4.3 Maces & Flails
 + Level 2.6 Armour
 + Level 2.4 Dodging


You couldn't memorise any spells.
You didn't know any spells.
Your spell library was empty.

Dungeon Overview and Level Annotations

Branches:
Dungeon (1/1)

Altars:


Innate Abilities, Weirdness & Mutations

You have a pair of horns on your head.
You reflexively headbutt those who attack you in melee.


Message History

You hit the bat.
You kill the bat!
Trog accepts your kill. The bat hits you.
Your Fighting skill increases to level 4!
Your Maces & Flails skill increases to level 4!
The bat barely misses you. The bat hits you but does no damage.
There is an open door to the Dungeon here.
Things that are here:
a bat corpse; a ball python corpse You closely miss the bat.
Your headbutt misses the bat. The bat hits you but does no damage.
The bat closely misses you. The bat hits you.
You hit the bat.
You kill the bat!
Trog accepts your kill.
You can now call upon Trog for regeneration and willpower.
You hit the rat but do no damage. You headbutt the rat.
You kill the rat!
Trog accepts your kill.
You sock the kobold!
You kill the kobold!
Trog accepts your kill.
Items here: ( ) ††.
You open the door.
An ogre, a jelly, an orc, a necrophage and an ufetubus come into view.
The ogre shouts!
The jelly quivers.
The orc shouts!
The ufetubus shouts!
The ufetubus hits you but does no damage.
The ufetubus hits you.
You closely miss the ufetubus. Your headbutt misses the ufetubus.
The ufetubus hits you. x3; The ufetubus closely misses you.
You closely miss the ufetubus. The ufetubus hits you. x2
* * * LOW HITPOINT WARNING * * *
You closely miss the ufetubus. Your headbutt misses the ufetubus.
The ufetubus hits you.
* * * LOW HITPOINT WARNING * * *
The ufetubus completely misses you. The ufetubus hits you.
You die...

▓+▓
▓.▓
▓O▓
▓J▓
▓o▓
▓n▓
▓5▓
▓@▓
▓.▓
▓.▓
▓.▓
▓)▓
▓†▓
▓.▓
▓.▓
▓.▓


You could see an ogre, a necrophage, a jelly, an orc and an ufetubus.

Vanquished Creatures
  A ball python (D)
  2 bats (D)
  A kobold (D)
  A rat (D)
5 creatures vanquished.

Notes
Turn   | Place    | Note
-------+----------+-------------------------------------------
     0 | D        | JoshKwa the Minotaur Berserker began the quest for the Orb.
     0 | D        | Reached XP level 1. HP: 19/19 MP: 0/0
    10 | D        | Reached ** piety under Trog
    18 | D        | Noticed an ogre
    18 | D        | Noticed a jelly
    18 | D        | Noticed a necrophage
    21 | D        | Slain by an ufetubus

Illustrated notes

Levels and vault maps discovered:
D:        linesprint [early_d, line_temple, items_1, d_10, items_2, lair_1,
          lair_end, items_3, orc_1, orc_end, items_4, d_15, swamp_1, shoals_1,
          snake_1, spider_1, d_20, vaults_1, items_5, swamp_end, shoals_end,
          snake_end, spider_end, vaults_end, d_27, items_6, zot_1, zot_end,
          crypt_end, forest_end, elf_end, slime_end, tomb_end, abyss_end,
          pan_hell_end]

Skill      XL: |  1 |
---------------+----+-----
Fighting       | 4 |  4.2
Maces & Flails | 4 |  4.3
Armour         | |  2.6
Dodging        | |  2.4

Action                   || total
-------------------------++-------
Melee: Mace              ||    11
       Headbutt          ||     1
Armor: Animal skin       ||     3
Dodge: Dodged            ||    10

Table legend: (Time is in decaauts)
 A = Elapsed time spent in this place.
 B = Non-inter-level travel time spent in this place.
 C = Inter-level travel time spent in this place.
 D = Time resting spent in this place.
 E = Time spent auto-exploring this place.
 F = Levels seen in this place.
 G = Mean time per level.
                   A        B        C        D        E       F      G
               +--------+--------+--------+--------+--------+-----+--------+
         Total |     22 |     22 |      0 |      0 |      0 |   1 |   22.0 |
       Dungeon |     22 |     22 |      0 |      0 |      0 |   1 |   22.0 |
               +--------+--------+--------+--------+--------+-----+--------+

Top non-repeatable levels by time:
       D: 22 daAuts
